 Dungeon Crawl Stone Soup version 0.27.0-1-g7a089689b8 (webtiles) character file.

Game seed: 2887720233873810042

297 Demosthentine the Poker (level 6, -1/48 HPs)
             Began as a Merfolk Gladiator on July 31, 2021.
             Slain by an orc wizard (4 damage)
             ... summoned by a goblin
             ... on level 3 of the Dungeon.
             The game lasted 00:02:41 (2876 turns).

Demosthentine the Poker (Merfolk Gladiator)         Turns: 2876, Time: 00:02:42

Health: -1/48      AC:  4    Str: 22    XL:     6   Next: 35%
Magic:  6/6        EV: 14    Int:  8    God:
Gold:   156        SH:  0    Dex: 15    Spells: 5/5 levels left

rFire    . . .     SeeInvis .   a - +1 trident
rCold    . . .     Faith    .   (no shield)
rNeg     . . .     Spirit   .   b - +0 leather armour
rPois    .         Reflect  .   c - +0 helmet
rElec    .         Harm     .   (no cloak)
rCorr    .         Rampage  .   (no gloves)
Will     .....                  (no boots)
Stlth    +.........             (no amulet)
HPRegen  0.16/turn              h - +6 ring of strength
MPRegen  0.10/turn              (no ring)

@: lethally poisoned (-1 -> -5)
A: (nimble swimmer 2), mertail
a: no special abilities


You were on level 3 of the Dungeon.
You visited 1 branch of the dungeon, and saw 3 of its levels.

You collected 156 gold pieces.

Inventory:

Hand Weapons
 a - a +1 trident (weapon)
Missiles
 d - a throwing net (quivered)
Armour
 b - a +0 leather armour (worn)
 c - a +0 helmet (worn)
Jewellery
 h - a +6 ring of strength (left hand)
Potions
 e - 2 potions of might
 f - a potion of curing {unknown}


   Skills:
 + Level 4.0 Fighting
 + Level 6.2 Polearms
 - Level 2.0 Throwing
 + Level 2.0 Armour
 + Level 5.6 Dodging


You had 5 spell levels left.
You didn't know any spells.
Your spell library was empty.

Dungeon Overview and Level Annotations

Branches:
Dungeon (3/15)

Altars:


Innate Abilities, Weirdness & Mutations

((You are quick and stealthy near water. (Stealth+, EV+, Speed+++)))
Your lower body shifts to a powerful aquatic tail in water.


Message History

You kill the ball python!
A goblin comes into view.
It is wielding a +0 club and carrying a wand of flame (15).
You see here a ball python corpse.
A goblin is nearby!
A bat comes into view.
The goblin shouts!
There are monsters nearby!
The goblin reads a scroll.
Wisps of shadow swirl around the goblin.
You barely miss the orc wizard.
The orc shouts! x2; The orc priest shouts!
The orc shouts!
The bat closely misses you. The orc wizard misses you.
There are monsters nearby!
You hit the orc wizard.
The orc wizard is lightly wounded.
A bat comes into view.
The bat barely misses you.
The goblin zaps a wand.
The puff of flame misses you. The adder bites you.
You are poisoned.
The adder poisons you!
The orc hits you from afar with a +2 vampiric trident!
The orc wizard gestures at you while chanting.
The magic dart hits you!
* * * LOW HITPOINT WARNING * * *
Unknown command.
Unknown command.
You aren't carrying any scrolls.
Unknown command.
Okay, then.
Unknown command.
You puncture the orc!
You kill the orc!
The orc's corpse dissolves into shadows!
You feel sick. The goblin misses you. The adder completely misses you.
The bat completely misses you.
The orc hits you from afar with a +2 vampiric trident!
* * * LOW HITPOINT WARNING * * *
The adder completely misses you.
The orc wizard hits you with a +0 dagger.
You die...

............########
................#
................#
................#
..........†....##
.......).......#
......S........# ###
.$....gb.......# #..
..........b.oo@.......# #..
............oSS.†.....# #..
............).o.......# #..
........>.............# #..
......................#######..
........................)).....
.......[..............#########
......................#
......................#


You could see an orc priest (summoned), an orc wizard (summoned), 2 adders, 2
orcs, a goblin, 2 bats and a ball python (summoned).

Vanquished Creatures
  A black bear (D:2)
  Terence (D:2)
  An iguana (D:1)
  8 gnolls
  An adder (D:3)
  2 dart slugs (D:1)
  An orc (D:3)
  4 endoplasms
  9 giant cockroaches
  3 goblins (D:1)
  6 hobgoblins
  3 jackals (D:2)
  A quokka (D:2)
  5 ball pythons
  7 bats
  2 frilled lizards (D:1)
  5 kobolds
60 creatures vanquished.

Notes
Turn   | Place    | Note
-------+----------+-------------------------------------------
     0 | D:1      | Demosthentine the Merfolk Gladiator began the quest for the
                  | Orb.
     0 | D:1      | Reached XP level 1. HP: 16/16 MP: 1/1
    62 | D:1      | Reached XP level 2. HP: 23/23 MP: 2/2
   394 | D:1      | You fall into a shaft and drop 1 floor!
   462 | D:2      | Reached XP level 3. HP: 15/28 MP: 3/3
   486 | D:2      | Reached skill level 5 in Polearms
   486 | D:2      | Reached skill level 1 in Armour
   872 | D:1      | Found a faded altar of an unknown god.
   995 | D:1      | Reached XP level 4. HP: 35/35 MP: 4/4
   996 | D:1      | Noticed a troll
  1747 | D:2      | Reached skill level 5 in Dodging
  1747 | D:2      | Reached XP level 5. HP: 34/41 MP: 5/5
  1828 | D:2      | Noticed Terence
  1836 | D:2      | Killed Terence
  2103 | D:2      | Noticed a black bear
  2114 | D:2      | Killed a black bear
  2115 | D:2      | Reached skill level 6 in Polearms
  2115 | D:2      | Reached XP level 6. HP: 18/48 MP: 6/6
  2876 | D:3      | Slain by an orc wizard

Illustrated notes

Levels and vault maps discovered:
D:1:      erik_arrival_cave_to_civilisation [erik_arrival_cave_to_temple],
          layout_basic, ebering_ecumenical_altar_abandoned
D:2:      layout_basic, minmay_worlds_worst_comb, uniq_terence
D:3:      layout_basic, tgw_xom

Skill      XL: |  1  2  3  4  5  6 |
---------------+-------------------+-----
Polearms       | 5 6 |  6.2
Armour         | 1 2 |  2.0
Fighting       | 3 4 |  4.0
Dodging        | 5 |  5.6
Throwing       | |  2.0

Action                   |  1- 3 |  4- 6 || total
-------------------------+-------+-------++-------
Melee: Trident           |    86 |   111 ||   197
Throw: Throwing net      |       |     3 ||     3
  Use: Scroll            |       |     4 ||     4
 Stab: Sleeping          |     4 |       ||     4
       Held in net/web   |       |     1 ||     1
Armor: Leather armour    |    28 |     8 ||    36
Dodge: Dodged            |    78 |    55 ||   133
